 Dungeon Crawl Stone Soup version 0.21-a0-265-gb353147 (webtiles) character file.

60 4thArraOfDagon the Bolt Thrower (level 4, 0/32 HPs)
             Began as a Barachi Arcane Marksman on Sept 11, 2017.
             Slain by a jackal (3 damage)
             ... on level 3 of the Dungeon.
             The game lasted 00:01:54 (290 turns).

4thArraOfDagon the Bolt Thrower (BaAM)               Turns: 290, Time: 00:01:55

Health: 0/32       AC:  3    Str: 11    XL:     4   Next: 6%
Magic:  5/5        EV: 12    Int: 15    God:
Gold:   24         SH:  0    Dex: 12    Spells: 4/5 levels left

rFire    . . .     SeeInvis .   a - +0 hand crossbow
rCold    . . .     Gourm    .   (no shield)
rNeg     . . .     Faith    .   e - +0 robe
rPois    .         Spirit   .   (no helmet)
rElec    .         Reflect  .   (no cloak)
rCorr    .         Harm     .   b - +0 pair of gloves
MR       .....                  (no boots)
Stlth    +.........             (no amulet)
HPRegen  0.10/turn              (no ring)
MPRegen  0.09/turn              (no ring)

@: slow
A: +LOS, swims, slowness 1, strong legs 1
a: Hop


You were on level 3 of the Dungeon.
You were not hungry.

You visited 1 branch of the dungeon, and saw 3 of its levels.

You collected 24 gold pieces.

Inventory:

Hand Weapons
 a - a +0 hand crossbow (weapon)
Armour
 b - a +0 pair of gloves (worn)
 e - a +0 robe (worn)
Wands
 g - a wand of iceblast (8/15)
Scrolls
 i - 2 scrolls of remove curse {unknown}
Books
 c - a book of Debilitation

   Spells                             Type                      Level
   a - Corona                         Hexes                        1
   b - Slow                           Hexes                        2
   c - Inner Flame                    Hexes/Fire                   3
   d - Portal Projectile              Hexes/Translocation          3
   e - Cause Fear                     Hexes                        4
   f - Leda's Liquefaction            Hexes/Earth                  4
Comestibles
 f - a bread ration


   Skills:
 + Level 1.2 Fighting
 - Level 4.2 Crossbows
 - Level 2.1 Dodging
 - Level 1.1 Spellcasting
 - Level 3.2 Hexes


You had 4 spell levels left.
You knew the following spells:

 Your Spells              Type           Power        Failure   Level  Hunger
a - Corona                Hex            ##.....      6%          1    ##.....


Dungeon Overview and Level Annotations

Branches:
Dungeon (3/15)

Altars:
Elyvilon


Innate Abilities, Weirdness & Mutations

Shadows flee at your approach. (+LOS)
You can swim through water.
You cover ground slowly.
You can hop short distances.


Message History

The jackal misses you. The jackal bites you.
* * * LOW HITPOINT WARNING * * *
Firing (i - inventory):
d - 2 bolts (quivered)
Press: ? - help, Shift-Dir - straight line, f/p - jackal
Aim: a jackal (heavily wounded)
You shoot a bolt.
The bolt hits the jackal but does no damage.
The jackal is heavily wounded.
The jackal closely misses you. The jackal misses you.
The jackal bites you but does no damage.
The jackal barely misses you.
Firing (i - inventory):
d - a bolt (quivered)
Press: ? - help, Shift-Dir - straight line, f/p - jackal
Aim: a jackal (heavily wounded)
You shoot a bolt. The bolt barely misses the jackal.
The jackal bites you but does no damage.
The jackal bites you.
* * * LOW HITPOINT WARNING * * *
The jackal bites you.
You die...

# #.....# .#
#.....+ ..+
#.....#...
####.#####.#
#....#(....
#....#....
#(#....#..# ##
#>'....#h.#...###
###...lh@..._....
#....####...#..
#...$# ## #....#
###..# #..# #l..
#... #..


You could see 2 jackals and a frilled lizard.

Vanquished Creatures
  Ijyb (D:3)
  2 adders
  A dart slug (D:1)
  A leopard gecko (D:1)
  An orc (D:3)
  A ball python (D:3)
  A hobgoblin (D:1)
  3 jackals (D:3)
  A quokka (D:3)
  2 bats
  A rat (D:1)
15 creatures vanquished.

Notes
Turn   | Place    | Note
-------+----------+-------------------------------------------
     0 | D:1      | 4thArraOfDagon the Barachi Arcane Marksman began the quest for the Orb.
     0 | D:1      | Reached XP level 1. HP: 15/15 MP: 2/2
    67 | D:1      | Reached XP level 2. HP: 21/21 MP: 3/3
   102 | D:2      | Reached skill level 3 in Crossbows
   167 | D:3      | Noticed Ijyb
   186 | D:3      | Killed Ijyb
   186 | D:3      | Reached XP level 3. HP: 3/26 MP: 4/4
   199 | D:3      | Reached skill level 4 in Crossbows
   239 | D:3      | Reached XP level 4. HP: 8/32 MP: 5/5
   272 | D:3      | Found a white marble altar of Elyvilon.
   290 | D:3      | Slain by a jackal

Vault maps used:
D:1:      eino_arrival_druids_welcome, minivault_4
D:2:      tso_metal_star, first_bread, corexii_shack
D:3:      nicolae_overflow_crystal_walls, lemuel_coloured_pillars_altar,
          uniq_ijyb, uniq_grinder

Skill      XL: |  1  2  3 |
---------------+----------+-----
Crossbows      | 3 4 |  4.2
Fighting       | |  1.2
Dodging        | |  2.1
Spellcasting   | |  1.1
Hexes          | |  3.2

Action                   |  1- 3 |  4- 6 || total
-------------------------+-------+-------++-------
 Fire: Hand crossbow     |    36 |    17 ||    53
  Use: Potion            |     3 |       ||     3
Armor: Robe              |     3 |    12 ||    15
Dodge: Dodged            |     9 |    27 ||    36

Table legend:
 A = Spawn XP
 B = Non-spawn XP
 C = Spawn XP percentage of total XP
 D = Spawn monster count
 E = Non-spawn monster count
 F = Spawn count percentage of total count
 G = Total turns spent on level
                    A         B        C        D         E        F      G
               +---------+---------+-------+---------+---------+-------+---------
         Total |       0 |      87 |   0.0 |       0 |      15 |   0.0 |   290
               +---------+---------+-------+---------+---------+-------+---------
           D:1 |       0 |      11 |   0.0 |       0 |       5 |   0.0 |    95
           D:2 |       0 |      13 |   0.0 |       0 |       1 |   0.0 |    65
           D:3 |       0 |      63 |   0.0 |       0 |       9 |   0.0 |   130
               +---------+---------+-------+---------+---------+-------+---------
